 Dungeon Crawl Stone Soup version 0.28.0-53-g5a82cb258f (webtiles) character file.

Game seed: 10641459366454689704

193 hawla the Firebug (level 5, -6/21 HPs)
             Began as a Felid Fire Elementalist on May 24, 2022.
             Killed by divine providence
             ... invoked by an orc priest
              (13 damage)
             ... on level 4 of the Dungeon.
             The game lasted 00:08:45 (4389 turns).

hawla the Firebug (Felid Fire Elementalist)         Turns: 4389, Time: 00:08:46

Health: -6/21      AC:  7    Str:  4    XL:     5   Next: 43%
Magic:  1/9        EV: 18    Int: 19    God:
Gold:   123        SH:  0    Dex: 16    Spells: 2/9 levels left
                                        Lives:  0   Deaths: 1

rFire   . . .      SeeInvis +   (weapon unavailable)
rCold   + . .      Faith    .   (shield unavailable)
rNeg    . . .      Spirit   .   (armour unavailable)
rPois   .          Reflect  .   (helmet unavailable)
rElec   .          Harm     .   (cloak unavailable)
rCorr   .          Rampage  .   (gloves unavailable)
Will    .....                   (boots unavailable)
Stlth   ++........              (no amulet)
HPRegen 0.07/turn               d - +4 ring of protection
MPRegen 0.11/turn               (no ring)

@: brilliant, quick
A: very small, claws 1, fangs 3, see invisible, speed 1, shaggy fur 1, stealthy
paws, no weapons or thrown items, no armour, multi-lived, iridescent scales 1,
cold resistance 1
a: no special abilities


You were on level 4 of the Dungeon.
You visited 1 branch of the dungeon, and saw 4 of its levels.

You collected 123 gold pieces.

Inventory:

Jewellery
 d - a +4 ring of protection (left paw)
Potions
 c - a potion of curing


   Skills:
 + Level 0.1 Fighting
 + Level 3.4 Dodging
 - Level 3.1 Stealth
 - Level 0.5 Unarmed Combat
 - Level 2.5 Spellcasting
 * Level 2.2 Conjurations
 * Level 5.0 Fire Magic


You had 2 spell levels left.
You knew the following spells:

 Your Spells              Type           Power      Damage    Failure   Level
a - Foxfire               Conj/Fire      96%        2x1d8     3%          1
b - Scorch                Fire           64%        2d8       3%          2
c - Flame Wave            Conj/Fire      24%        2d7       34%         4

Your spell library contained the following spells:

 Spells                   Type           Power      Damage    Failure   Level
 Sting                    Tmut/Pois      12%        1d3       16%         1
 Summon Small Mammal      Summ           12%        N/A       16%         1
 Blink                    Tloc           6%         N/A       24%         2
 Poisonous Vapours        Pois/Air       6%         N/A       24%         2
 Conjure Flame            Conj/Fire      24%        6-21      11%         3
 Inner Flame              Hex/Fire       18%        N/A       17%         3
 Call Canine Familiar     Summ           3%         N/A       43%         3
 Summon Guardian Golem    Hex/Summ       3%         N/A       43%         3
 Olgreb's Toxic Radiance  Pois           3%         N/A       85%         4
 Manifold Assault         Tloc           3%         N/A       99%         5
 Storm Form               Tmut/Air       1%         N/A       100%        7


Dungeon Overview and Level Annotations

Branches:
Dungeon (4/15)
 Temple: D:4-7

Altars:
Ru
Beogh

Annotations:
D:4 Blork the orc


Innate Abilities, Weirdness & Mutations

You have sharp claws.
You have razor-sharp teeth.
You have supernaturally acute eyesight. (SInv)
You cover ground quickly. (Speed+)
You are covered in fur. (AC +1)
Your paws help you pounce on unaware monsters.
You are incapable of wielding weapons or throwing items.
You cannot wear armour.
You gain extra lives every three experience levels.
You are partially covered in iridescent scales. (AC +2)
Your flesh is cold resistant. (rC+)


Message History

The orc wizard is severely wounded.
The orc wizard closely misses you. The orc priest barely misses you.
The orc hits you from afar with a +0 trident.
* * * LOW HITPOINT WARNING * * *
You miss the orc wizard. Your bite misses the orc wizard.
The orc wizard is severely wounded.
The orc wizard closely misses you. The orc misses you.
You closely miss the orc wizard. Your bite misses the orc wizard.
The orc wizard is severely wounded.
The orc wizard hits you but does no damage.
The orc hits you but does no damage.
The orc priest hits you but does no damage.
The orc priest casts a cantrip, but nothing happens.
The orc priest looks satisfied for a moment.
You scratch the orc wizard but do no damage.
The orc wizard is severely wounded.
The orc wizard casts a spell at you. The puff of flame misses you.
The orc closely misses you.
You closely miss the orc wizard.
The orc wizard is severely wounded.
The orc wizard gestures wildly while chanting.
The orc wizard flickers and vanishes for a moment.
The orc wizard misses you.
The orc priest casts a cantrip, but nothing happens.
The orc misses you.
You closely miss the orc priest.
The orc wizard gestures wildly while chanting.
The orc wizard flickers and vanishes for a moment.
The orc barely misses you. The orc priest misses you.
You closely miss the orc priest. The orc wizard completely misses you.
The orc barely misses you. The orc priest closely misses you.
You scratch the orc priest but do no damage.
The orc wizard closely misses you. The orc priest misses you.
The orc closely misses you.
You scratch the orc priest.
The orc priest is moderately wounded.
The orc priest calls down the wrath of Beogh upon you.
Beogh smites you!
Ouch! That really hurt!
You die...

##.########
#.# #.# #o#
#o# ####
#o##.$.##
#o#o8$8.#
#oo.o.$_#
#@#.8.8.#
####o$$##
####


You could see 3 orc priests, 2 orc wizards and 3 orcs.

Vanquished Creatures
  A hound (D:4)
  An orc priest (D:3)
  Natasha (thrice) (D:2)
  3 gnolls (D:3)
  5 adders
  2 dart slugs
  8 orcs
  2 ball pythons (D:1)
  4 endoplasms
  A giant cockroach (D:2)
  3 goblins (D:2)
  4 hobgoblins
  5 jackals
  4 kobolds
  2 quokkas
  3 bats
  6 rats
57 creatures vanquished.

Vanquished Creatures (others)
  119 foxfires
119 creatures vanquished.

Grand Total: 176 creatures vanquished

Notes
Turn   | Place    | Note
-------+----------+-------------------------------------------
     0 | D:1      | hawla the Felid Fire Elementalist began the quest for the
                  | Orb.
     0 | D:1      | Reached XP level 1. HP: 7/7 MP: 4/4
   446 | D:1      | Found a faded altar of an unknown god.
   665 | D:1      | Reached XP level 2. HP: 4/11 MP: 0/6
   668 | D:1      | Learned a level 2 spell: Scorch
   992 | D:1      | Reached skill level 3 in Fire Magic
  1059 | D:1      | Reached skill level 1 in Conjurations
  1600 | D:2      | Reached XP level 3. HP: 14/14 MP: 2/7
  1786 | D:2      | Noticed Natasha
  1791 | D:2      | Killed Natasha
  1796 | D:2      | Noticed Natasha
  1968 | D:2      | Killed Natasha
  1969 | D:2      | Reached XP level 4. HP: 18/18 MP: 2/8
  1974 | D:2      | Learned a level 4 spell: Flame Wave
  2261 | D:2      | Noticed Natasha
  2398 | D:2      | Killed Natasha
  2399 | D:2      | Reached skill level 4 in Fire Magic
  2739 | D:2      | Reached XP level 5. HP: 19/21 MP: 9/9
  2814 | D:3      | Slain by a gnoll
  2815 | D:3      | Reached XP level 4. HP: -5/18 MP: 1/8
  2989 | D:3      | Found a sacrificial altar of Ru.
  3839 | D:3      | Reached XP level 5. HP: 9/21 MP: 2/9
  4248 | D:4      | Noticed Blork the orc
  4367 | D:4      | Gained mutation: You are partially covered in iridescent
                  | scales. (AC +2) [potion of mutation]
  4367 | D:4      | Gained mutation: Your flesh is cold resistant. (rC+)
                  | [potion of mutation]
  4379 | D:4      | Reached skill level 5 in Fire Magic
  4389 | D:4      | Killed from afar by an orc priest

Illustrated notes

Levels and vault maps discovered:
D:1:      sevenhm_arrival_forest_fort_small_3, layout_basic,
          hellmonk_ecumenical_altar_inner_sanctum, minmay_misc_feat_roman
D:2:      layout_loops_ring, fountainhead, uniq_natasha
D:3:      layout_loops_ring, mainiacjoe_overflow_six_doors_small
D:4:      layout_basic, kennysheep_orc_chapel, uniq_blork_the_orc

Skill      XL: |  1  2  3  4  5 |
---------------+----------------+-----
Dodging        | 3 |  3.4
Fire Magic     | 3 4 5 |  5.0
Conjurations   | 1 2 |  2.2
Stealth        | 3 |  3.1
Fighting       | |  0.1
Unarmed Combat | |  0.5
Spellcasting   | |  2.5

Action                   |  1- 3 |  4- 6 || total
-------------------------+-------+-------++-------
Melee: Unarmed           |    25 |    31 ||    56
       Punch             |     1 |       ||     1
       Bite              |     2 |     3 ||     5
 Cast: Foxfire           |    26 |    46 ||    72
       Scorch            |     8 |    15 ||    23
       Flame Wave        |       |     5 ||     5
  Use: Potion            |       |     3 ||     3
       Scroll            |       |     3 ||     3
 Stab: Sleeping          |     1 |     1 ||     2
Armor: Skin              |     1 |     5 ||     6
Dodge: Dodged            |    31 |    72 ||   103
